 Dungeon Crawl Stone Soup version 0.31-a0-1338-gb567cfdca4 (webtiles) character file.

Game seed: 4992950628081604699

13013 avis the Nimble (level 11, 0/38 HPs)
             Began as a Felid Summoner on Dec 20, 2023.
             Was an Initiate of Gozag.
             Slain by a blink frog (11 damage)
             ... on level 1 of the Lair of Beasts on Dec 21, 2023.
             The game lasted 01:51:32 (12413 turns).

avis the Nimble (Felid Summoner)                   Turns: 12413, Time: 01:51:33

Health: 0/38       AC:  2    Str:  4    XL:     11   Next: 70%
Magic:  26/33      EV: 23    Int: 22    God:    Gozag
Gold:   2967       SH:  0    Dex: 18    Spells: 13/26 levels left
                                        Lives:  0   Deaths: 3

rFire   . .          .
                       - Blade Hands
rCold   . . .        (shield unavailable)
rNeg    . . .        (body armour unavailable)
rPois   +            (helmet unavailable)
rElec   .            (cloak unavailable)
rCorr   .            (gloves unavailable)
SInv    +            (boots unavailable)
Will    +....        (no amulet)
Stlth   ++           r - ring of poison resistance
HPRegen 0.26/turn    b - ring of magical power
MPRegen 0.23/turn

%: no passive effects
@: blade hands, gold aura
A: reduced hp, very small, (claws 1), fangs 3, see invisible, shaggy fur 2,
(stealthy paws), no weapons or thrown items, no armour, multi-lived
a: Begin Untransformation, Renounce Religion, Potion Petition, Call Merchant,
Bribe Branch


You were on level 1 of the Lair of Beasts.
You worshipped Gozag.
Gozag was most pleased with you.
You had blades for front paws.
You visited 3 branches of the dungeon, and saw 12 of its levels.

You collected 2986 gold pieces.
You paid 19 gold pieces to Gozag.

Inventory:

Jewellery
 b - a ring of magical power (right blade hand)
 m - a +4 ring of protection
 p - a +6 ring of strength
 q - a +6 ring of strength
 r - a ring of poison resistance (left blade hand)
 t - a ring of flight
 B - a ring of protection from fire
 C - a ring of positive energy
Talismans
 l - a blade talisman (active)
Wands
 h - a wand of roots (10)
 o - a wand of flame (44)
 s - a wand of paralysis (7)
 z - a wand of mindburst (10)
Scrolls
 c - 10 scrolls of teleportation {unknown}
 n - 3 scrolls of immolation {unknown}
 u - a scroll of amnesia {unknown}
 v - 4 scrolls of fear
 w - a scroll of revelation
 y - a scroll of summoning {unknown}
 A - 2 scrolls of fog
 D - 2 scrolls of identify
Potions
 a - 2 potions of magic
 d - 2 potions of resistance
 e - 2 potions of curing
 f - a potion of lignification
 g - 3 potions of brilliance
 i - a potion of degeneration
 j - 2 potions of invisibility {unknown}
 k - 2 potions of heal wounds
 x - a potion of attraction


   Skills:
 + Level 6.7 Fighting
 + Level 9.4 Dodging
 - Level 2.6 Stealth
 + Level 8.2 Spellcasting
 - Level 5.0 Hexes
 + Level 8.6 Summonings
 + Level 6.8 Air Magic
 * Level 6.6 Shapeshifting


You had 13 spell levels left.
You knew the following spells:

 Your Spells              Type           Power      Damage    Failure   Level
a - Summon Small Mammal   Summ           100%       N/A       1%          1
c - Call Imp              Summ           94%        N/A       1%          2
d - Call Canine Familiar  Summ           47%        N/A       1%          3
g - Summon Guardian Gole  Hex/Summ       39%        N/A       1%          3
l - Summon Lightning Spi  Summ/Air       43%        N/A       3%          4

Your spell library contained the following spells:

 Spells                   Type           Power      Damage    Failure   Level
 Slow                     Hex            100%       N/A       1%          1
 Static Discharge         Conj/Air       48%        3-5/arc   2%          2
 Confusing Touch          Hex            31%        N/A       2%          3
 Sigil of Binding         Hex            31%        N/A       2%          3
 Cigotuvi's Dreadful Rot  Necr/Alch/Air  38%        N/A       4%          2
 Airstrike                Air            19%        2d(3-19)  4%          4
 Apportation              Tloc           18%        N/A       8%          1
 Necrotise                Necr           36%        1d5       8%          1
 Sting                    Conj/Alch      36%        1d5       8%          1
 Dazzling Flash           Conj/Hex       40%        N/A       8%          3
 Mephitic Cloud           Conj/Alch/Air  19%        N/A       9%          3
 Silence                  Hex/Air        17%        N/A       17%         5
 Vampiric Draining        Necr           9%         2d6       22%         3
 Ignite Poison            Fire/Alch      9%         N/A       58%         4
 Freezing Cloud           Conj/Ice/Air   9%         6-21      61%         5
 Agony                    Necr           9%         N/A       90%         5
 Haunt                    Necr/Summ      14%        N/A       100%        7
 Orb of Destruction       Conj           4%         9d5       100%        7
 Spellforged Servitor     Conj/Summ      14%        N/A       100%        7
 Infestation              Necr           4%         N/A       100%        8
 Dimensional Bullseye     Hex/Tloc       Unusable   N/A       N/A         4
 Animate Dead             Necr           Unusable   N/A       N/A         4

Dungeon Overview and Level Annotations

Branches:
Dungeon (10/15)            Temple (1/1) D:4            Lair (1/5) D:10
    Orc: D:9-12

Altars:
Ashenzari
Cheibriados
Dithmenos
Elyvilon
Fedhas
Gozag
Hepliaklqana
Kikubaaqudgha
Makhleb
Nemelex Xobeh
Okawaru
Qazlal
Ru
Sif Muna
Trog
Uskayaw
Vehumet
Wu Jian
Xom
Yredelemnul
Zin
The Shining One

Shops:
D:2 :


Innate Abilities, Weirdness & Mutations

You have blades for front paws.
Your maximum health is decreased, since you lack skill for your form.
((You have sharp claws.))
You have razor-sharp teeth.
You have supernaturally acute eyesight. (SInv)
You are covered in thick fur. (AC +2)
((Your paws help you pounce on unaware monsters.))
You are incapable of wielding weapons or throwing items.
You cannot wear armour.
You gain extra lives every three experience levels.


Message History

You see here 3 gold pieces.
You hit the komodo dragon.
The komodo dragon is lightly wounded.
Your inugami disappears in a puff of smoke!
The blink frog hits your lightning spire but does no damage.
The komodo dragon is engulfed in blazing flames.
The komodo dragon barely misses you.
The blink frog hits your lightning spire but does no damage.
You hit the komodo dragon but do no damage.
The komodo dragon is moderately wounded.
The blink frog hits your guardian golem!!
The blink frog blinks!
The blink frog hits your lightning spire!
The blink frog blinks!
The komodo dragon is engulfed in blazing flames.
The komodo dragon closely misses you.
You hit the komodo dragon.
The komodo dragon is severely wounded.
The blink frog blinks!
The komodo dragon is engulfed in blazing flames.
The komodo dragon bites you!!
Ouch! That really hurt!
* * * LOW HITPOINT WARNING * * *
The blink frog blinks!
You swap places.
The komodo dragon is engulfed in blazing flames.
The komodo dragon dies!
Your guardian golem is engulfed in blazing flames.
Your guardian golem overheats!
You see here 3 gold pieces.
Your lightning spire disappears in a puff of smoke!
Your guardian golem is engulfed in blazing flames.
Flame seeps out of your guardian golem.
You hit the blink frog.
The blink frog is almost dead.
The blink frog completely misses you.
You hit the blink frog but do no damage.
Your bite misses the blink frog. The blink frog hits you!
You die...
Your body crumbles into a pile of gold.

##...## #.###
##### #...#
##..## #.....
##..# .... ####
#..### ....
###.>.### ##.#.#
.P. #.....°.##
#..## #..
#....♣.§F9####.#
#.# #...
#.#@F..###.##
#5# #..
#####$..##..#
##'## #...
#...(##'##
.$l9##....
...##.....##.#
....+....
............'.#
'○$..♣
..>..♣.....♣#.#
#...+....
..............#
###'##...
#...###...##.##
#.# #... ####
#....####


You could see 2 blink frogs and a friendly guardian golem (summoned, inner
flame).

Vanquished Creatures
  An endoplasm (D:2)
  2 ball pythons
  A bat (D:3)
  A rat (D:3)
5 creatures vanquished.

Vanquished Creatures (collateral kills)
  2 two-headed ogres
  A deep elf pyromancer (D:10)
  2 cane toads (Lair:1)
  2 blink frogs (Lair:1)
  Sigmund (D:2)
  A wraith (D:10)
  5 yaks (D:10)
  3 basilisks (D:10)
  Eustachio (D:6)
  2 steam dragons
  Menkaure (D:4)
  2 acid dragons
  A water moccasin (D:9)
  A swamp drake (D:10)
  A sky beast (D:8)
  A black bear (D:7)
  An ogre (D:5)
  5 centaurs
  2 phantoms
  A kobold brigand (D:8)
  4 bullfrogs
  4 scorpions
  4 wights (D:8)
  Dowan (D:5)
  5 killer bees (D:9)
  A howler monkey (D:9)
  4 jellies
  2 orc priests
  6 hounds
  6 iguanas
  6 orc wizards
  9 adders
  2 worms
  A dart slug (D:2)
  7 orcs
  13 endoplasms
  3 giant cockroaches
  5 goblins
  5 hobgoblins
  A quokka (D:4)
  8 ball pythons
  5 bats
  A frilled lizard (D:2)
  21 kobolds
  4 rats
164 creatures vanquished.

Vanquished Creatures (others)
  3 two-headed ogres
  A black mamba (Lair:1)
  A cane toad (Lair:1)
  A komodo dragon (Lair:1)
  A troll (D:9)
  Grinder (D:5)
  A blink frog (Lair:1)
  A shadow (D:10)
  A wyvern (D:10)
  A basilisk (D:10)
  9 yaks
  An acid dragon (D:10)
  Duvessa (D:5)
  2 orc warriors
  Blork the orc (D:5)
  A bullfrog (Lair:1)
  A killer bee (D:10)
  An iguana (D:5)
  An orc (D:7)
  A butterfly (Lair:1)
31 creatures vanquished.

Grand Total: 200 creatures vanquished

Notes
Turn   | Place    | Note
-------+----------+-------------------------------------------
     0 | D:1      | avis the Felid Summoner began the quest for the Orb.
     0 | D:1      | Reached XP level 1. HP: 9/9 MP: 4/4
   430 | D:1      | Reached XP level 2. HP: 13/13 MP: 4/6
   513 | D:1      | Learned a level 2 spell: Call Imp
  1342 | D:2      | Reached XP level 3. HP: 12/16 MP: 2/8
  1420 | D:2      | Learned a level 3 spell: Call Canine Familiar
  1596 | D:2      | Found Vukkown's Book Shoppe.
  1698 | D:2      | Found a faded altar of an unknown god.
  1866 | D:2      | Noticed Sigmund
  1888 | D:2      | Killed Sigmund
  1889 | D:2      | Reached skill level 5 in Summonings
  1889 | D:2      | Reached XP level 4. HP: 21/21 MP: 3/11
  1889 | D:2      | Reached XP level 5. HP: 24/24 MP: 3/12
  2256 | D:2      | Found an opulent altar of Gozag.
  2256 | D:2      | Found a hide-covered altar of Uskayaw.
  2256 | D:2      | Found a sacrificial altar of Ru.
  2256 | D:2      | Found a hazy altar of Hepliaklqana.
  2256 | D:2      | Found a shimmering altar of Xom.
  2256 | D:2      | Found a snail-covered altar of Cheibriados.
  2336 | D:2      | Reached skill level 5 in Spellcasting
  2336 | D:2      | Gained mutation: You are covered in thick fur. (AC +2)
                  | [Felid growth]
  2336 | D:2      | Reached XP level 6. HP: 28/28 MP: 7/14
  2351 | D:2      | Became a worshipper of Gozag Ym Sagoz the Greedy
  2395 | D:2      | Learned a level 3 spell: Summon Guardian Golem
  2761 | D:3      | You fall into a shaft and drop 1 floor!
  2914 | D:4      | Found a staircase to the Ecumenical Temple.
  2916 | D:4      | Noticed Menkaure
  2936 | D:4      | Killed Menkaure
  2937 | D:4      | Reached skill level 1 in Fighting
  2937 | D:4      | Reached skill level 3 in Dodging
  2937 | D:4      | Reached skill level 1 in Hexes
  2954 | Temple   | Entered the Ecumenical Temple
  3371 | D:4      | Reached XP level 7. HP: 33/33 MP: 9/16
  3875 | D:4      | Learned a level 4 spell: Summon Lightning Spire
  4710 | D:5      | Entered Level 5 of the Dungeon
  4767 | D:5      | Reached skill level 4 in Dodging
  4819 | D:5      | Reached skill level 1 in Air Magic
  5030 | D:5      | Noticed Dowan
  5033 | D:5      | Noticed Grinder
  5050 | D:5      | Noticed Duvessa
  5051 | D:5      | Killed Dowan
  5068 | D:5      | Killed Grinder
  5069 | D:5      | Reached skill level 1 in Shapeshifting
  5069 | D:5      | Reached XP level 8. HP: 39/39 MP: 0/17
  5069 | D:5      | Killed Duvessa
  5312 | D:5      | Noticed a two-headed ogre
  5316 | D:5      | Noticed Blork the orc
  5323 | D:5      | Killed Blork the orc
  5325 | D:5      | Killed a two-headed ogre
  5326 | D:5      | Reached skill level 5 in Dodging
  5326 | D:5      | Reached XP level 9. HP: 44/44 MP: 11/19
  5463 | D:5      | Identified the +8 spear of Qodghiur {flame, rN+}
  5853 | D:6      | Reached skill level 5 in Hexes
  6203 | D:6      | Found a glowing golden altar of the Shining One.
  6420 | D:6      | Noticed Eustachio
  6452 | D:6      | Killed Eustachio
  6600 | D:6      | Identified a scroll of acquirement
  6600 | D:6      | Acquired 1186 gold pieces
  6765 | D:7      | Noticed a two-headed ogre
  6769 | D:7      | Reached skill level 6 in Dodging
  6782 | D:7      | Killed a two-headed ogre
  6783 | D:7      | Reached skill level 5 in Air Magic
  8004 | D:8      | Reached skill level 7 in Dodging
  8004 | D:8      | Reached XP level 10. HP: 19/51 MP: 11/21
  9017 | D:10     | Entered Level 10 of the Dungeon
  9024 | D:10     | Reached skill level 5 in Fighting
  9030 | D:10     | Noticed a two-headed ogre
  9053 | D:10     | Killed by an exploding themself... ignited by their inner
                  | flame
  9285 | D:10     | Found a staircase to the Lair.
  9538 | D:10     | Noticed a two-headed ogre
  9562 | D:10     | Killed a two-headed ogre
  9563 | D:10     | Reached skill level 8 in Dodging
  9643 | D:10     | Noticed a deep elf pyromancer
  9689 | D:10     | Mangled by a fire elemental
  9750 | D:9      | Upgraded the game from 0.31-a0-1321-g5021b54cb2 to
                  | 0.31-a0-1338-gb567cfdca4
  9828 | D:9      | Reached skill level 5 in Shapeshifting
 10008 | D:9      | Identified the +1 hand axe "Exavet" {flame, Int+3 Stlth+}
 10311 | D:9      | Identified the +5 short sword "Araduyxt" {vamp, rPois rN+
                  | Str+2 Dex-5}
 10393 | D:9      | Reached XP level 11. HP: 56/56 MP: 23/23
 10667 | D:9      | Noticed a two-headed ogre
 10680 | D:9      | Killed a two-headed ogre
 11172 | D:10     | Killed a deep elf pyromancer
 11565 | D:10     | Killed a two-headed ogre
 11566 | D:10     | Reached skill level 9 in Dodging
 11915 | Lair:1   | Entered Level 1 of the Lair of Beasts
 12202 | Lair:1   | Mangled by a komodo dragon
 12413 | Lair:1   | Slain by a blink frog

Illustrated notes

Levels and vault maps discovered:
D:1:      minmay_arrival_hallway, layout_basic, amethyst_killhole, st_stairs_11
D:2:      cheibrodos_fertilizer, layout_basic, serial_shops, shop,
          dreamdust_ecumenical_altar_statues, uniq_sigmund
D:3:      layout_loops_ring, cheibrodos_sewer_entry_bend, reono_crystal_passage,
          st_stairs_14, kennysheep_generic_room_7
D:4:      layout_loops_cross, minmay_temple_entry_water_ring,
          minmay_misc_feat_tiny, uniq_menkaure
D:5:      layout_loops_cross, uniq_grinder, uniq_blork_the_orc, uniq_duvessa
D:6:      layout_basic, tso_metal_star, uniq_eustachio
D:7:      layout_loops_ring
D:8:      layout_cave_pools
D:9:      layout_basic
D:10:     layout_irregular_city, erik_lair_dragon
Temple:   mainiacjoe_temple_hex_bubbles
Lair:1:   layout_roguey, infiniplex_staircase_pool, grunt_megastairs_5,
          lemuel_fruit_fields, uniq_fannar

Skill      XL: |  1  2  3  4  5  6  7  8  9 10 11 |
---------------+----------------------------------+-----
Spellcasting   | 4 5 6 7 8 |  8.2
Summonings     | 5 6 7 8 |  8.6
Fighting       | 1 2 3 4 5 6 |  6.7
Dodging        | 3 4 5 7 8 9 |  9.4
Hexes          | 2 3 4 5 |  5.0
Air Magic      | 2 3 5 6 |  6.8
Shapeshifting  | 1 2 3 5 6 |  6.6
Stealth        | |  2.6

Action                     |  1- 3 |  4- 6 |  7- 9 | 10-12 || total
---------------------------+-------+-------+-------+-------++-------
  Melee: Unarmed           |     9 |     9 |    12 |    19 ||    49
         Bite              |     1 |       |     1 |     1 ||     3
   Cast: Summon Small Mamm |    37 |    14 |    18 |    11 ||    80
         Call Imp          |     9 |    13 |    30 |    14 ||    66
         Call Canine Famil |     4 |    10 |    36 |    34 ||    84
         Summon Guardian G |       |       |    25 |    49 ||    74
         Summon Lightning  |       |       |     4 |    30 ||    34
    Use: Scroll            |       |     8 |     9 |     1 ||    18
         Potion            |       |       |       |     1 ||     1
   Stab: Sleeping          |     1 |     2 |     1 |       ||     4
         Distracted        |       |       |       |     1 ||     1
 Armour: Skin              |     9 |     7 |    15 |    38 ||    69
  Dodge: Dodged            |    26 |     9 |    58 |    78 ||   171
   Form: Blade             |       |       |       |     1 ||     1

Table legend: (Time is in decaauts)
 A = Elapsed time spent in this place.
 B = Non-inter-level travel time spent in this place.
 C = Inter-level travel time spent in this place.
 D = Time resting spent in this place.
 E = Time spent auto-exploring this place.
 F = Levels seen in this place.
 G = Mean time per level.
                   A        B        C        D        E       F      G
               +--------+--------+--------+--------+--------+-----+--------+
         Total |  12433 |  11374 |   1059 |   2820 |   4733 |  12 | 1036.1 |
       Dungeon |  11712 |  10655 |   1057 |   2531 |   4552 |  10 | 1171.2 |
        Temple |    222 |    221 |      1 |    196 |      0 |   1 |  222.0 |
          Lair |    498 |    498 |      0 |     93 |    181 |   1 |  498.0 |
               +--------+--------+--------+--------+--------+-----+--------+

Top non-repeatable levels by time:
    D:10: 1658 daAuts
     D:1: 1334 daAuts
     D:4: 1222 daAuts
     D:9: 1218 daAuts
     D:2: 1169 daAuts
     D:5: 1160 daAuts
     D:8: 1064 daAuts
     D:6: 1027 daAuts
     D:7: 978 daAuts
     D:3: 879 daAuts
  Lair:1: 498 daAuts
  Temple: 222 daAuts
